 Dungeon Crawl Stone Soup version 0.30-a0-393-g54b8e3be05 (webtiles) character file.

Game seed: 1226732418346450403

3476 p00ps00p the Cleaver (level 10, 0/91 HPs)
             Began as a Hill Orc Fighter on Dec 6, 2022.
             Was an Initiate of Gozag.
             Slain by a wolf (6 damage)
             ... in a bailey.
             The game lasted 00:17:00 (8345 turns).

p00ps00p the Cleaver (Hill Orc Fighter)             Turns: 8345, Time: 00:17:02

Health: 0/91       AC: 18    Str: 24    XL:     10   Next: 6%
Magic:  10/10      EV:  7    Int:  8    God:    Gozag
Gold:   619        SH:  5    Dex: 10    Spells: 9/9 levels left

rFire   . . .      SeeInvis .    a - +1 war axe (vorpal)
rCold   . . .      Faith    .    c - +0 buckler
rNeg    + . .      Spirit   .    y - +1 plate armour
rPois   +          Reflect  .    (no helmet)
rElec   .          Harm     .    (no cloak)
rCorr   .          Rampage  .    (no gloves)
Will    .....                    (no boots)
Stlth   ..........               b - macabre finger necklace {rN+}
HPRegen 0.35/turn                h - ring of poison resistance
MPRegen 0.12/turn                n - +4 ring of protection
                                 (no ring)

@: about to teleport, weakened
A: no striking features
a: Renounce Religion, Potion Petition, Call Merchant, Bribe Branch


You were in a bailey.
You worshipped Gozag.
Gozag was pleased with you.
You visited 2 branches of the dungeon, and saw 9 of its levels.
You also visited: Sewer, Ossuary and Bailey.

You collected 1149 gold pieces.
You spent 440 gold pieces at shops.
You paid 90 gold pieces to Gozag.

Inventory:

Hand Weapons
 a - a +1 vorpal war axe (weapon)
 x - a +0 short sword
Missiles
 u - 3 silver javelins
 w - 22 poisoned darts (quivered)
 B - 3 throwing nets
Armour
 c - a +0 buckler (worn)
 y - a +1 plate armour (worn)
Jewellery
 b - the macabre finger necklace (around neck) {rN+}
   (You bought it in a shop on level 8 of the Dungeon)

   [amulet of nothing]

   It enables you to equip an extra ring.
   rN:        It protects you from negative energy.
 h - a ring of poison resistance (left hand)
 n - a +4 ring of protection (right hand)
 q - an amulet of regeneration
Scrolls
 r - a scroll of teleportation
 v - a scroll of brand weapon
Potions
 d - a potion of degeneration {unknown}
 e - 6 potions of mutation
 f - 3 potions of cancellation
 g - 4 potions of lignification
 i - 2 potions of flight
 j - a potion of haste
 l - 5 potions of brilliance
 m - 2 potions of curing
 o - a potion of ambrosia {unknown}
 t - 2 potions of magic
 z - 2 potions of attraction
 A - a potion of heal wounds {unknown}


   Skills:
 + Level 9.1 Fighting
 + Level 9.6 Axes
 + Level 8.3 Armour
 + Level 8.4 Shields


You had 9 spell levels left.
You didn't know any spells.
Your spell library contained the following spells:

 Spells                   Type           Power      Damage    Failure   Level
 Necrotise                Necr           0%         1d4       100%        1
 Cigotuvi's Dreadful Rot  Necr/Pois/Air  0%         N/A       100%        2
 Ensorcelled Hibernation  Hex/Ice        0%         N/A       100%        2
 Passwall                 Tmut/Erth      0%         N/A       100%        2
 Swiftness                Air            0%         N/A       100%        3
 Vampiric Draining        Necr           0%         2d6       100%        3
 Dispel Undead            Necr           0%         3d6       100%        4
 Agony                    Necr           0%         N/A       100%        5
 Death Channel            Necr           0%         N/A       100%        6


Dungeon Overview and Level Annotations

Branches:
Dungeon (8/15)             Temple (1/1) D:7           Sewer (visited)
Ossuary (visited)          Bailey (1/1)
   Lair: D:8-11

Altars:
Cheibriados
Dithmenos
Elyvilon
Gozag
Hepliaklqana
Kikubaaqudgha
Makhleb
Nemelex Xobeh
Okawaru
Qazlal
Ru
Sif Muna
Trog
Uskayaw
Vehumet
Wu Jian
Xom
Yredelemnul
Zin
The Shining One

Shops:
D:6 ?   D:8 =

Annotations:
Temple 2 transporters


Message History

The wolf bites you.
You barely miss the wolf. You closely miss the wolf. You barely miss the wolf.
The wolf bites you!
* * * LOW HITPOINT WARNING * * *
You block the wolf's attack. The wolf bites you but does no damage.
The gnoll sergeant misses you. The wolf bites you but does no damage.
The wolf bites you.
* * * LOW HITPOINT WARNING * * *
You block the wolf's attack.
You hit the wolf.
The wolf is lightly wounded.
You barely miss the wolf. You closely miss the wolf.
The gnoll sergeant is no longer moving quickly.
The wolf completely misses you. The wolf barely misses you.
You block the wolf's attack.
The gnoll sergeant hits you from afar with a +0 bardiche!
* * * LOW HITPOINT WARNING * * *
The gnoll bouda gazes fiercely through you!
You feel as though you will be weak longer.
You block the wolf's attack. The wolf bites you!
* * * LOW HITPOINT WARNING * * *
As you read the scroll of fog, it crumbles to dust.
The scroll dissolves into smoke.
The wolf closely misses you. You block the wolf's attack.
The wolf bites you but does no damage.
The gnoll sergeant hits you but does no damage.
The wolf barely misses you.
As you read the scroll of teleportation, it crumbles to dust.
You feel strangely unstable.
The gnoll sergeant is no longer moving quickly.
The wolf bites you but does no damage. x2; The wolf bites you.
* * * LOW HITPOINT WARNING * * *
The gnoll sergeant hits you but does no damage.
The wolf bites you but does no damage. The wolf bites you.
* * * LOW HITPOINT WARNING * * *
The wolf bites you but does no damage.
You feel better. You block the wolf's attack. The wolf bites you!
* * * LOW HITPOINT WARNING * * *
The wolf bites you.
You die...
Your body crumbles into a pile of gold.

♣..≈..#.)..##...##.)..#..≈♣
...≈..######.....###'##..≈♣
......'...#.......#......≈♣
..)..)'.).))..8..))))....≈♣
......)...#.......#).....≈♣
...≈..######.....###'##..≈♣
...≈..# ##...##§...#..≈♣
...≈).# ...#####§§...# .≈♣
♣..≈..# ...gggh@§§...# .≈♣
♣♣.≈..# ...gg#hh§§..## ≈♣
♣.≈..# .8. #...8.## ♣♣≈≈...
# ####### ♣≈≈≈≈≈ ♣♣♣♣♣♣


You could see a gnoll sergeant and 3 wolves.

Vanquished Creatures
  2 steam dragons (D:8)
  A water moccasin (D:5)
  An ice beast (D:6)
  A sky beast (D:7)
  2 black bears
  5 wolves (Bailey)
  An ogre (D:5)
  An elf zombie (Ossuary)
  A phantom (D:6)
  The ghost of Ekaitz the Magician, an amateur DEHW (D:3)
  8 kobold brigands
  6 gnoll sergeants (Bailey)
  A necrophage (D:6)
  2 human zombies (Ossuary)
  3 orc priests
  5 gnoll boudas
  4 hounds
  An iguana (D:5)
  4 orc wizards (D:7)
  A hound zombie (Ossuary)
  4 mummies (Ossuary)
  15 gnolls
  3 river rats
  13 adders
  A shadow imp (D:6)
  2 adder zombies (Ossuary)
  7 worms
  4 dart slugs
  21 orcs
  17 ball pythons
  8 bats
  12 endoplasms
  4 giant cockroaches
  7 goblins
  8 hobgoblins
  6 quokkas
  2 frilled lizards
  2 gnoll zombies (Ossuary)
  A hobgoblin zombie (Ossuary)
  22 kobolds
  A kobold zombie (Ossuary)
  8 rats
  2 rat zombies (Ossuary)
221 creatures vanquished.

Notes
Turn   | Place    | Note
-------+----------+-------------------------------------------
     0 | D:1      | p00ps00p the Hill Orc Fighter began the quest for the Orb.
     0 | D:1      | Reached XP level 1. HP: 19/19 MP: 1/1
   101 | D:1      | Reached XP level 2. HP: 24/27 MP: 2/2
   360 | D:1      | Reached XP level 3. HP: 33/33 MP: 3/3
   625 | D:1      | You fall into a shaft and drop 1 floor!
  1110 | D:2      | Reached XP level 4. HP: 22/41 MP: 4/4
  1543 | D:2      | Found a faded altar of an unknown god.
  1742 | D:3      | Found a runed translucent gate.
  1743 | D:3      | Found a runed translucent gate.
  1743 | D:3      | Found a runed translucent gate.
  1834 | D:3      | Reached XP level 5. HP: 40/47 MP: 5/5
  2724 | D:3      | Noticed Ekaitz's ghost (amateur DEHW)
  2903 | D:3      | Killed Ekaitz's ghost
  2904 | D:3      | Reached skill level 5 in Fighting
  2904 | D:3      | Reached XP level 6. HP: 56/56 MP: 6/6
  3100 | D:4      | Noticed a black bear
  3109 | D:4      | Killed a black bear
  3110 | D:4      | Reached skill level 5 in Axes
  3130 | D:4      | Found a burning altar of Makhleb.
  3131 | D:4      | Found a hide-covered altar of Uskayaw.
  3751 | D:5      | Entered Level 5 of the Dungeon
  3833 | D:5      | Noticed a water moccasin
  3844 | D:5      | Killed a water moccasin
  3845 | D:5      | Reached skill level 5 in Armour
  3845 | D:5      | Reached skill level 5 in Shields
  3845 | D:5      | Reached XP level 7. HP: 52/62 MP: 7/7
  4199 | D:5      | Found a glowing drain.
  4209 | Sewer    | Entered a sewer
  4571 | Sewer    | Reached XP level 8. HP: 66/71 MP: 8/8
  6048 | D:6      | Found Aveitwi's Magic Scroll Emporium.
  6318 | D:7      | Found a staircase to the Ecumenical Temple.
  6329 | Temple   | Entered the Ecumenical Temple
  6329 | Temple   | Found a transporter.
  6329 | Temple   | Found a transporter.
  6331 | Temple   | Found a transporter.
  6331 | Temple   | Found a transporter.
  6349 | Temple   | Became a worshipper of Gozag Ym Sagoz the Greedy
  6550 | D:7      | Reached XP level 9. HP: 79/79 MP: 9/9
  6659 | D:7      | Found a sand-covered staircase.
  6664 | Ossuary  | Entered an ossuary
  6903 | D:7      | Identified the +8 short sword of Causality {holy, Dex+3}
  7308 | D:8      | Found Demiaklo's Jewellery Emporium.
  7316 | D:8      | Bought the macabre finger necklace {rN+} for 440 gold
                  | pieces
  7316 | D:8      | Found the macabre finger necklace {rN+}
  7472 | D:8      | Found a flagged portal.
  7502 | Bailey   | Entered a bailey
  8116 | Bailey   | Reached XP level 10. HP: 33/91 MP: 10/10
  8345 | Bailey   | Slain by a wolf

Illustrated notes

Levels and vault maps discovered:
D:1:      psy_arrival_conway, layout_loops_ring, serial_rivers,
          chequers_serial_rivers_large_b, chequers_serial_rivers_small_a,
          chequers_serial_rivers_micro_c, chequers_serial_rivers_micro_d,
          chequers_serial_rivers_micro_a, minmay_quantized
D:2:      layout_rooms, shapermc_ecumenical_altar_petra, serial_glass,
          glass_columns_b, glass_columns_b, minmay_randomly_rotated_circles
D:3:      layout_basic, ebering_ghost_rock_garden, solitary_fountain,
          st_stairs_6
D:4:      layout_loops_ring, nicolae_overflow_squiral, minmay_small_thing
D:5:      layout_basic, portal_sewer_entry_e
D:6:      layout_basic, serial_corexii_hall, chequers_hall_statues_wall_a,
          chequers_hall_statues_corner_a, chequers_hall_statues_y, serial_shops,
          kennysheep_mini
D:7:      layout_cave_pools, minmay_temple_entry_statues_fountains,
          enter_ossuary_2, grunt_ministairs_13
D:8:      layout_loops_ring, ashenzari_conservatory_becter, enter_bailey_4,
          serial_shops, shop, nicolae_stop_n_shop_1, shop
Temple:   hellmonk_temple_divided_pantheon
Bailey:   bailey_polearm_gnolls_kennysheep, bailey

Skill      XL: |  1  2  3  4  5  6  7  8  9 |
---------------+----------------------------+-----
Axes           | 3 4 5 6 7 9 |  9.6
Fighting       | 4 5 6 7 9 |  9.1
Shields        | 4 5 6 8 |  8.4
Armour         | 4 5 6 8 |  8.3

Action                   |  1- 3 |  4- 6 |  7- 9 | 10-12 || total
-------------------------+-------+-------+-------+-------++-------
Melee: War axe           |    97 |   171 |   343 |    24 ||   635
Evoke: Wand              |       |     4 |    26 |       ||    30
  Use: Scroll            |     7 |     5 |    14 |     3 ||    29
       Potion            |       |     1 |     5 |     3 ||     9
Armor: Scale mail        |    49 |    76 |    63 |       ||   188
       Plate armour      |       |       |   190 |    34 ||   224
       Chain mail        |       |       |     6 |       ||     6
Dodge: Dodged            |    54 |    84 |   149 |    27 ||   314
Block: Buckler           |    22 |    46 |   108 |    14 ||   190

Table legend: (Time is in decaauts)
 A = Elapsed time spent in this place.
 B = Non-inter-level travel time spent in this place.
 C = Inter-level travel time spent in this place.
 D = Time resting spent in this place.
 E = Time spent auto-exploring this place.
 F = Levels seen in this place.
 G = Mean time per level.
                   A        B        C        D        E       F      G
               +--------+--------+--------+--------+--------+-----+--------+
         Total |   8703 |   8464 |    239 |    646 |   5174 |  12 |  725.2 |
       Dungeon |   6763 |   6524 |    239 |    340 |   4353 |   8 |  845.4 |
        Temple |     42 |     42 |      0 |      0 |      0 |   1 |   42.0 |
         Sewer |    873 |    873 |      0 |      0 |    480 |   1 |  873.0 |
       Ossuary |    192 |    192 |      0 |      0 |    102 |   1 |  192.0 |
        Bailey |    831 |    831 |      0 |    306 |    238 |   1 |  831.0 |
               +--------+--------+--------+--------+--------+-----+--------+

Top non-repeatable levels by time:
     D:3: 1373 daAuts
     D:1: 1037 daAuts
     D:5: 963 daAuts
     D:6: 908 daAuts
   Sewer: 873 daAuts
  Bailey: 831 daAuts
     D:4: 819 daAuts
     D:2: 688 daAuts
     D:7: 623 daAuts
     D:8: 348 daAuts
 Ossuary: 192 daAuts
  Temple: 42 daAuts
